 Dungeon Crawl Stone Soup version 0.31-a0-166-g46f44d267d (webtiles) character file.

Game seed: 16601112944832973350

32447 Gargoyl the Cleaver (level 13, -6/82 HPs)
             Began as a Gargoyle Berserker on June 14, 2023.
             Was an Elder of Trog.
             Mangled by a death yak (20 damage)
             ... on level 3 of the Lair of Beasts.
             The game lasted 00:18:20 (12723 turns).

Gargoyl the Cleaver (Gargoyle Berserker)           Turns: 12723, Time: 00:18:22

Health: -6/82      AC: 23    Str: 29    XL:     13   Next: 64%
Magic:  13/13      EV: 13    Int:  7    God:    Trog [****..]
Gold:   2388       SH: 15    Dex: 13    Spells: 12/12 levels left

rFire   + . .        k - +1 broad axe
rCold   . . .        C - +0 kite shield
rNeg    + + .        l - +2 ring mail {rF+}
rPois   ∞            D - +0 hat {SInv}
rElec   +            q - +0 cloak
rCorr   .            s - +0 pair of gloves
SInv    +            j - +1 pair of boots {Stlth+}
Will    ++...        y - amulet of reflection
Stlth   ++++         b - ring of positive energy
HPRegen 1.33/turn    m - +6 ring of strength
MPRegen 0.13/turn

%: reflection
@: strong-willed, on berserk cooldown, regenerating, slowed, very slow
A: sickness immunity, AC +9, negative energy resistance 1, electricity
resistance, torment resistance 1, petrification resistance
a: Renounce Religion, Berserk, Trog's Hand, Brothers in Arms


You were on level 3 of the Lair of Beasts.
You worshipped Trog.
Trog was greatly pleased with you.
You visited 2 branches of the dungeon, and saw 14 of its levels.

You collected 2743 gold pieces.
You spent 355 gold pieces at shops.

Inventory:

Hand Weapons
 a - a +0 hand axe
 i - a +0 trident
 k - a +1 broad axe (weapon)
 A - a +1 long sword of protection
Missiles
 g - 45 poisoned darts (quivered)
 o - 2 throwing nets
Armour
 j - a +1 pair of boots of stealth (worn)
 l - a +2 ring mail of fire resistance (worn)
 q - a +0 cloak (worn)
 s - a +0 pair of gloves (worn)
 C - a +0 kite shield (worn)
 D - a +0 hat of see invisible (worn)
Jewellery
 b - a ring of positive energy (left hand)
 m - a +6 ring of strength (right hand)
 y - an amulet of reflection (around neck)
Wands
 u - a wand of charming (9)
 w - a wand of flame (36)
 z - a wand of polymorph (3)
 B - a wand of roots (5)
Scrolls
 c - 3 scrolls of teleportation
 r - a scroll of revelation
 F - a scroll of fog
 H - a scroll of enchant armour
Potions
 d - 3 potions of haste
 e - a potion of lignification
 f - 4 potions of might
 h - 3 potions of heal wounds
 n - 2 potions of enlightenment
 p - a potion of cancellation
 t - 6 potions of curing {unknown}
 v - 2 potions of attraction {unknown}
 x - a potion of ambrosia {unknown}
 E - 2 potions of degeneration {unknown}
 G - 3 potions of mutation {unknown}


   Skills:
 + Level 10.2 Fighting
 + Level 14.9 Axes
 + Level 1.2 Throwing
 + Level 7.8 Armour
 + Level 6.7 Dodging
 + Level 6.4 Stealth
 + Level 8.3 Shields


You had 12 spell levels left.
You didn't know any spells.
Your spell library was empty.

Dungeon Overview and Level Annotations

Branches:
Dungeon (11/15)            Temple (0/1) D:5            Lair (3/5) D:10
  Swamp: Lair:2-3    Shoals: Lair:2-3     Snake: Lair:2-3    Spider: Lair:2-3
    Orc: D:9-12

Altars:
Hepliaklqana
Nemelex Xobeh
Okawaru
Ru
Sif Muna
Uskayaw
Wu Jian
Xom
Yredelemnul

Shops:
D:4 [   D:6 [

Annotations:
D:7 1 runed translucent door


Innate Abilities, Weirdness & Mutations

You are immune to sickness and miasma.
Your stone body is resilient. (AC +9)
You are immune to poison.
You resist negative energy. (rN+)
You are resistant to electric shocks. (rElec)
You are resistant to unholy torment.
You are immune to petrification.


Message History

You slice the elephant!!
You kill the elephant!
Trog accepts your kill.
You hear a bellow!
A death yak comes into view.
You closely miss the bullfrog. You block the bullfrog's attack. x2
A yak comes into view.
The bullfrog hits you but does no damage.
The bullfrog attacks as you move away!
The bullfrog hits you but does no damage.
The bullfrog misses you.
The bullfrog hits you but does no damage.
You block the bullfrog's attack. You block the bullfrog's attack.
The bullfrog hits you.
You see here a hornet corpse.
The bullfrog attacks as you move away! You block the bullfrog's attack.
Your skin crawls.
You feel strong-willed.
You hit the death yak but do no damage. You block the death yak's attack. x2
You slice the death yak!!
The death yak is moderately wounded.
The death yak gores you but does no damage.
You slash the death yak!
The death yak is heavily wounded.
You block the death yak's attack.
You hit the death yak.
The death yak is heavily wounded.
The death yak gores you! You block the death yak's attack.
You hear a bellow!
You slash the death yak!
The death yak is severely wounded.
You hear a bellow! x3
You block the death yak's attack.
You slash the death yak!
The death yak is almost dead.
The death yak gores you!!
* * * LOW HITPOINT WARNING * * *
A death yak comes into view.
The death yak gores you!!
You die...

#.......Y>...
#.!..PP..
##........
#.........
##.Y####.. #.#.# .
#####††###
##...#..#.###
##....##F..#@#
##....# ###YY##
..##.....## ##...#
..........# #..###
##.###P..####..#
## ####...##...#
####........#...#
.#.##...<..##...#
............##...#


You could see 2 death yaks.

Vanquished Creatures
  Gastronok (D:9)
  A yaktaur captain (D:10)
  A centaur warrior (D:10)
  A catoblepas (Lair:1)
  An ogre mage (D:10)
  3 two-headed ogres
  A skyshark (Lair:2)
  An obsidian statue (D:11)
  Pikel (D:8)
  2 deep elf pyromancers (D:10)
  2 ugly things
  3 cyclopes
  A manticore (D:10)
  Joseph (D:9)
  4 elephants (Lair:3)
  A cane toad (Lair:1)
  A gargoyle (D:11)
  Maggie (Lair:1)
  2 komodo dragons
  A rime drake (Lair:1)
  A freezing wraith (D:10)
  A troll (D:8)
  4 polar bears
  2 hornets
  7 blink frogs
  Sigmund (D:3)
  A meliai zombie (D:10)
  3 shadows
  2 wyverns
  26 yaks
  6 vampires
  6 wraiths (D:10)
  4 basilisks
  A steam dragon (D:8)
  5 vampire mosquitoes
  7 water moccasins
  3 ice beasts
  5 orc warriors
  3 black bears
  A sky beast (D:6)
  2 ogres (D:5)
  10 wolves
  2 centaurs
  A lemure (D:8)
  3 kobold brigands
  12 bullfrogs
  4 scorpions
  9 wights
  20 killer bees
  9 howler monkeys
  2 electric eels (Lair:2)
  3 centaur zombies (D:10)
  A hound (D:4)
  A human zombie (D:7)
  4 orc priests
  A sleepcap (D:5)
  3 iguanas
  6 orc wizards
  A howler monkey zombie (D:10)
  8 adders
  A gnoll (D:5)
  2 white imps
  2 ufetubi
  2 worms
  4 dart slugs
  30 orcs
  6 endoplasms
  2 giant cockroaches
  9 goblins
  11 hobgoblins
  8 jackals
  26 kobolds
  5 quokkas
  5 ball pythons
  7 bats
  3 frilled lizards
  A goblin skeleton (D:7)
  A kobold zombie (D:7)
  5 rats
351 creatures vanquished.

Vanquished Creatures (collateral kills)
  2 centaur zombies (D:10)
  A cane toad (Lair:2)
  A shadow (D:10)
  2 yaks (D:10)
  A howler monkey (D:10)
  An electric eel (D:9)
8 creatures vanquished.

Vanquished Creatures (others)
  An orc wizard (D:9)
1 creature vanquished.

Grand Total: 360 creatures vanquished

Notes
Turn   | Place    | Note
-------+----------+-------------------------------------------
     0 | D:1      | Gargoyl the Gargoyle Berserker began the quest for the Orb.
     0 | D:1      | Reached XP level 1. HP: 14/14 MP: 1/1
    46 | D:1      | Reached XP level 2. HP: 18/19 MP: 2/2
   126 | D:1      | Reached skill level 3 in Axes
   390 | D:1      | Reached XP level 3. HP: 11/24 MP: 3/3
   653 | D:1      | Found a sparkling altar of Nemelex Xobeh.
   742 | D:2      | Reached ** piety under Trog
  1426 | D:3      | Reached XP level 4. HP: 29/29 MP: 4/4
  1915 | D:3      | Reached skill level 4 in Axes
  1915 | D:3      | Reached XP level 5. HP: 33/33 MP: 5/5
  1991 | D:3      | Reached *** piety under Trog
  1991 | D:3      | Noticed Sigmund
  2007 | D:3      | Killed Sigmund
  2008 | D:3      | Reached XP level 6. HP: 39/39 MP: 6/6
  2107 | D:4      | Found Movu's Antique Armour Boutique.
  2181 | D:4      | Bought a faintly humming scale mail for 216 gold pieces
  2181 | D:4      | Identified the +1 scale mail of Fedhas, Thieving {*Slow
                  | rElec SInv} (You bought it in a shop on level 4 of the
                  | Dungeon)
  2236 | D:4      | Reached skill level 5 in Axes
  2863 | D:4      | Reached XP level 7. HP: 42/44 MP: 7/7
  2885 | D:4      | Found a sparkling altar of Nemelex Xobeh.
  2891 | D:4      | Found a shimmering blue altar of Sif Muna.
  2894 | D:4      | Found a hide-covered altar of Uskayaw.
  2894 | D:4      | Found an iron altar of Okawaru.
  2902 | D:4      | Found a sacrificial altar of Ru.
  3048 | D:5      | Entered Level 5 of the Dungeon
  3254 | D:5      | Found a staircase to the Ecumenical Temple.
  3717 | D:5      | Reached skill level 6 in Axes
  3717 | D:5      | Reached XP level 8. HP: 25/48 MP: 8/8
  3841 | D:5      | Reached skill level 5 in Fighting
  4534 | D:6      | Found Ozuuf's Antique Armour Shoppe.
  4539 | D:6      | Bought a pair of gloves for 139 gold pieces
  4785 | D:6      | Reached skill level 7 in Axes
  4785 | D:6      | Reached skill level 5 in Armour
  4980 | D:7      | Reached XP level 9. HP: 54/54 MP: 9/9
  5049 | D:7      | Found a runed translucent door.
  5056 | D:7      | Found a basalt altar of Yredelemnul.
  5111 | D:7      | Reached skill level 8 in Axes
  6156 | D:8      | Reached skill level 9 in Axes
  6389 | D:8      | Reached **** piety under Trog
  6461 | D:8      | Reached skill level 5 in Stealth
  6596 | D:8      | Reached XP level 10. HP: 59/61 MP: 10/10
  6744 | D:8      | Noticed Pikel
  6760 | D:8      | Killed Pikel
  6761 | D:8      | Reached skill level 10 in Axes
  7271 | D:9      | Noticed Joseph
  7294 | D:9      | Killed Joseph
  7327 | D:9      | Reached skill level 11 in Axes
  7355 | D:9      | Found an iron altar of Okawaru.
  7447 | D:9      | Reached XP level 11. HP: 47/68 MP: 11/11
  7618 | D:9      | Found an ornate altar of the Wu Jian Council.
  7634 | D:9      | Noticed Gastronok
  7653 | D:9      | Killed Gastronok
  7654 | D:9      | Reached skill level 5 in Dodging
  7786 | D:9      | Found a shimmering altar of Xom.
  7787 | D:9      | Found a hazy altar of Hepliaklqana.
  8161 | D:9      | Reached skill level 1 in Shields
  8228 | D:10     | Entered Level 10 of the Dungeon
  8275 | D:10     | Reached skill level 12 in Axes
  8291 | D:10     | Noticed a two-headed ogre
  8372 | D:10     | Killed a two-headed ogre
  8455 | D:10     | Identified a scroll of acquirement
  8455 | D:10     | Acquired 692 gold pieces
  8656 | D:10     | Noticed a cyclops
  8668 | D:10     | Killed a cyclops
  8669 | D:10     | Reached skill level 1 in Throwing
  8669 | D:10     | Reached XP level 12. HP: 75/75 MP: 12/12
  8795 | D:10     | Reached skill level 5 in Shields
  8895 | D:10     | Noticed a centaur warrior
  8899 | D:10     | Reached skill level 13 in Axes
  8900 | D:10     | Killed a centaur warrior
  9127 | D:10     | Noticed a yaktaur captain
  9136 | D:10     | Killed a yaktaur captain
  9149 | D:10     | Acquired 1164 gold pieces
  9198 | D:10     | Identified the +0 robe of Omission {rElec Str+2 Int-2
                  | Dex+4}
  9215 | D:10     | Noticed an ogre mage
  9219 | D:10     | Killed an ogre mage
  9320 | D:10     | Found a staircase to the Lair.
  9605 | D:11     | Noticed a two-headed ogre
  9610 | D:11     | Killed a two-headed ogre
  9829 | D:11     | Noticed a two-headed ogre
  9837 | D:11     | Killed a two-headed ogre
 10352 | D:11     | Reached skill level 14 in Axes
 10460 | Lair:1   | Entered Level 1 of the Lair of Beasts
 10465 | Lair:1   | Reached XP level 13. HP: 82/82 MP: 13/13
 10529 | Lair:1   | Noticed Maggie
 10545 | Lair:1   | Killed Maggie
 10880 | Lair:1   | Reached skill level 10 in Fighting
 12723 | Lair:3   | Mangled by a death yak

Illustrated notes

Levels and vault maps discovered:
D:1:      dpeg_arrival_water_altar, layout_rooms, interstate_on_off
D:2:      layout_loops_ring, nicolae_elevator_lobby_asterisk
D:3:      corexii_shack_village, layout_basic, uniq_sigmund
D:4:      layout_basic, nicolae_overflow_hallway_of_the_gods, serial_shops,
          nicolae_shop_waterfront
D:5:      layout_loops_ring, minmay_temple_entry_overgrown,
          serial_co_window_serial, co_window_paths_a, co_window_paths_b,
          co_window_corner_a, co_window_paths_b, co_window_paths_a,
          co_window_of_opportunity_c, co_window_corner_ca, co_window_corner_b,
          co_window_corner_ca, co_window_broadway_b, co_window_corner_ca,
          glass_columns_c, glass_columns_b, glass_columns_c,
          hangedman_minor_gate_pass
D:6:      layout_basic, serial_shops, nicolae_shop_hallway_stairs
D:7:      layout_basic, dk_yredelemnul_ordeal, kennysheep_small_circle
D:8:      layout_basic, nrook_campfire, uniq_pikel
D:9:      layout_basic, regret_index_temple_of_mockery,
          hangedman_feature_mirror, uniq_gastronok, uniq_joseph
D:10:     layout_irregular_city, lair_entry_dummy, serial_undead,
          serial_undead_a, serial_undead_f, serial_undead_c, serial_undead_e,
          serial_undead_e, serial_undead_a, serial_undead_b, serial_undead_b,
          minmay_evil_grid
D:11:     layout_roguey, kennysheep_path_1, minivault_16
Lair:1:   layout_regular_city, uniq_maggie
Lair:2:   layout_gridlike, lightli_volcano_entry_magma_tube,
          infiniplex_staircase_pool, grunt_megastairs_2, serial_bayou_shore_a
Lair:3:   layout_layer_cave, skrybe_swamp_entry_bodies,
          guppyfry_snake_entry_island, fungi_pond_lemuel

Skill      XL: |  1  2  3  4  5  6  7  8  9 10 11 12 13 |
---------------+----------------------------------------+-----
Axes           | 3 4 5 6 7 9 11 12 14 | 14.9
Fighting       | 4 5 6 7 8 9 10 | 10.2
Armour         | 3 4 5 6 7 |  7.8
Dodging        | 2 3 4 5 6 |  6.7
Stealth        | 2 3 4 5 6 |  6.4
Shields        | 4 6 8 |  8.3
Throwing       | 1 |  1.2

Action                     |  1- 3 |  4- 6 |  7- 9 | 10-12 | 13-15 || total
---------------------------+-------+-------+-------+-------+-------++-------
  Melee: Hand axe          |    99 |       |       |       |       ||    99
         Broad axe         |    32 |   128 |   260 |   460 |   277 ||  1157
         Punch             |     1 |       |       |     1 |       ||     2
  Throw: Dart              |       |     4 |     4 |     4 |     2 ||    14
 Invoke: Berserk           |     1 |     1 |     6 |    16 |     2 ||    26
         Trog's Hand       |       |     1 |     5 |    11 |     3 ||    20
         Brothers in Arms  |       |       |       |     2 |       ||     2
    Use: Scroll            |       |     5 |     8 |     7 |     6 ||    26
   Stab: Sleeping          |     2 |     9 |     9 |     2 |     2 ||    24
         Distracted        |       |       |       |     3 |       ||     3
 Armour: Animal skin       |     4 |       |       |       |       ||     4
         Chain mail        |    60 |       |       |       |       ||    60
         Ring mail         |    13 |    71 |   175 |   337 |   116 ||   712
         Scale mail        |       |     8 |       |       |       ||     8
  Dodge: Dodged            |    84 |    88 |   195 |   343 |   138 ||   848
  Block: Other             |       |       |       |    14 |       ||    14
         Kite shield       |       |       |       |   328 |   274 ||   602
         Reflection        |       |       |       |    11 |       ||    11

Table legend: (Time is in decaauts)
 A = Elapsed time spent in this place.
 B = Non-inter-level travel time spent in this place.
 C = Inter-level travel time spent in this place.
 D = Time resting spent in this place.
 E = Time spent auto-exploring this place.
 F = Levels seen in this place.
 G = Mean time per level.
                   A        B        C        D        E       F      G
               +--------+--------+--------+--------+--------+-----+--------+
         Total |  13179 |  12861 |    318 |    394 |   9002 |  14 |  941.4 |
       Dungeon |  10894 |  10638 |    256 |    394 |   7400 |  11 |  990.4 |
          Lair |   2284 |   2223 |     61 |      0 |   1602 |   3 |  761.3 |
               +--------+--------+--------+--------+--------+-----+--------+

Top non-repeatable levels by time:
    D:10: 1445 daAuts
     D:5: 1224 daAuts
     D:8: 1176 daAuts
     D:9: 1173 daAuts
     D:7: 1122 daAuts
  Lair:2: 1105 daAuts
  Lair:1: 997 daAuts
     D:4: 958 daAuts
    D:11: 903 daAuts
     D:2: 748 daAuts
     D:3: 739 daAuts
     D:1: 712 daAuts
     D:6: 689 daAuts
  Lair:3: 181 daAuts
